 Dungeon Crawl Stone Soup version 0.14-a0-1811-gdc2d5af (webtiles) character file.

1967 Mitsuki the Covert (level 8, -1/36 HPs)
             Began as a Spriggan Enchanter on Jan 8, 2014.
             Was an Initiate of Ashenzari.
             Slain by an orange rat (15 damage)
             ... on Level 7 of the Dungeon.
             The game lasted 00:44:19 (7432 turns).

Mitsuki the Covert (Spriggan Enchanter)             Turns: 7432, Time: 00:44:19

HP  -1/36        AC  3     Str  6      XL: 8   Next: 58%
MP  24/24        EV 19     Int 16      God: Ashenzari [......]
Gold 411         SH  0     Dex 17      Spells:  3 memorised, 11 levels left

rFire  . . .     SeeInvis +     a - +1,+5 dagger
rCold  . . .     Clarity  .     s - +1 robe (curse)
rNeg   . . .     Conserve .     (shield restricted)
rPois  .         rCorr    +     (helmet restricted)
rElec  .         rRot     .     (no cloak)
SustAb . .       Spirit   .     (gloves unavailable)
rMut   .         Warding  .     (boots unavailable)
Saprov . . .     Stasis   .     j - amulet of resist corrosion
                                (no ring)
                                (no ring)

@: drained, very quick, somewhat resistant to hostile enchantments, very
stealthy
A: unfitting armour, see invisible, herbivore 3, speed 3, slow metabolism 2
a: Renounce Religion


You were on level 7 of the Dungeon.
You worshipped Ashenzari.
Ashenzari was noncommittal.
You were not hungry.

You visited 1 branch of the dungeon, and saw 7 of its levels.

You collected 411 gold pieces.

Inventory:

Hand weapons
 a - a +1,+5 dagger (weapon)
 b - a +1 blowgun
Missiles
 d - 12 darts (quivered)
 t - 37 poisoned needles
Armour
 s - a cursed +1 robe (worn)
Magical devices
 u - a wand of digging (7)
Comestibles
 q - a banana
 v - 4 bread rations
 x - 3 cheeses
Scrolls
 f - 6 scrolls of remove curse
 g - a scroll of teleportation
 k - a scroll of enchant weapon II
 l - 2 scrolls of curse armour
 m - a scroll of noise
 n - 4 scrolls of curse jewellery
 o - 8 scrolls of identify
 p - 2 scrolls of fog
 r - 2 scrolls of amnesia
Jewellery
 j - an amulet of resist corrosion (around neck)
Potions
 e - a potion of might
 h - a potion of resistance
 i - 2 potions of curing
 w - a potion of magic
Books
 c - a book of Maledictions

   Spells                             Type                      Level
   *Corona                            Hexes                        1
   Sure Blade                         Hexes/Charms                 2
   *Ensorcelled Hibernation           Hexes/Ice                    2
   *Confuse                           Hexes                        3
   Enslavement                        Hexes                        4
   Invisibility                       Hexes                        6


   Skills:
 * Level 7.0(6.5) Short Blades
 - Level 1.1(0.7) Throwing
 - Level 4.0(3.6) Dodging
 - Level 8.0(7.5) Stealth
 + Level 5.0(4.6) Spellcasting
 + Level 8.0(7.5) Hexes
 - Level 0.4(0.0) Ice Magic


You had 11 spell levels left.
You knew the following spells:

 Your Spells              Type           Power        Failure   Level  Hunger
a - Corona                Hex            ####...      1%          1    None
b - Ensorcelled Hibernat  Hex/Ice        ###...       6%          2    ##.....
c - Confuse               Hex            ####....     1%          3    ###....


Dungeon Overview and Level Annotations

Branches:
Dungeon (7/16)
 Temple: D:4-7

Altars:
Ashenzari
Cheibriados
Trog
Zin
the Shining One

Annotations:
D:3 wojtek's ghost, average TeGl


Innate Abilities, Weirdness & Mutations

You are tiny and cannot use many weapons and most armour.
You have supernaturally acute eyesight.
You are a herbivore.
You cover ground extremely quickly.
You need consume almost no food.


Message History

The grey rat completely misses you.
You barely miss the orange rat. The grey rat completely misses you.
You completely miss the orange rat. You closely miss the orange rat.
The grey rat closely misses you. The orange rat bites you!
You feel drained.
You barely miss the orange rat. The grey rat misses you.
The orange rat misses you.
You closely miss the orange rat. The orange rat completely misses you.
You hit the green rat.
The green rat is heavily wounded.
You hit the green rat but do no damage.
The green rat is heavily wounded.
The orange rat misses you.
You hit the green rat.
The green rat is almost dead.
The green rat barely misses you. The orange rat completely misses you.
You hit the green rat.
You kill the green rat!
The orange rat bites you!
You die...

##########
#........#
##.######+#######
#...............#
#...............#
#........)##.##.#
####'#####.##.##
#.....# #.###.##
#.....####.# ##@#
#.......##.##rrr#
#####....##.#.rrrr
#)..#....##.#..r..#
#...#.....###%.%.%#
#...#.....# ##%.%##
#...#.#.#.# #####
#...#.#...#..
#.............


You could see an orange rat, a green rat, 4 grey rats and 2 rats.

Vanquished Creatures
  An ice beast (D:5)
  2 sky beasts (D:5)
  2 ogres (D:5)
  A centaur (D:6)
  A giant frog (D:6)
  A crimson imp (D:6)
  A goliath beetle (D:6)
  2 orc priests (D:5)
  A giant frog skeleton (D:5)
  2 gnoll shamans
  A black bear zombie (D:5)
  A centaur skeleton (D:4)
  An iguana (D:6)
  A scorpion (D:4)
  4 worker ants
  6 orc wizards
  2 green rats (D:7)
  8 adders
  11 gnolls
  3 worms
  An adder zombie (D:6)
  A giant eyeball (D:5)
  4 giant geckos
  An ooze (D:3)
  18 orcs
  19 bats
  9 giant cockroaches
  12 hobgoblins
  17 kobolds
  4 quokkas
  A ball python (D:3)
  11 giant newts
  16 goblins
  A goblin zombie (D:5)
  12 jackals
  A kobold skeleton (D:6)
  21 rats
201 creatures vanquished.

Notes
Turn   | Place    | Note
--------------------------------------------------------------
     0 | D:1      | Mitsuki, the Spriggan Enchanter, began the quest for the Orb.
     0 | D:1      | Reached XP level 1. HP: 9/9 MP: 4/4
    64 | D:1      | Reached skill level 4 in Hexes
    91 | D:1      | Reached XP level 2. HP: 8/13 MP: 7/7
  1152 | D:2      | Learned a level 2 spell: Ensorcelled Hibernation
  1219 | D:2      | Reached XP level 3. HP: 12/16 MP: 0/9
  1564 | D:2      | Learned a level 3 spell: Confuse
  1763 | D:2      | Reached XP level 4. HP: 13/21 MP: 10/12
  2327 | D:3      | Reached skill level 5 in Stealth
  2574 | D:3      | Reached skill level 5 in Hexes
  2710 | D:3      | Found a glowing golden altar of the Shining One.
  2727 | D:3      | Noticed wojtek's ghost (average TeGl)
  2776 | D:4      | Reached XP level 5. HP: 24/24 MP: 11/14
  2785 | D:4      | Reached skill level 6 in Stealth
  3368 | D:4      | Reached skill level 7 in Stealth
  3464 | D:4      | Reached XP level 6. HP: 28/28 MP: 10/17
  3900 | D:4      | Found a bloodstained altar of Trog.
  4302 | D:5      | Entered Level 5 of the Dungeon
  4756 | D:5      | Reached XP level 7. HP: 32/32 MP: 15/19
  4776 | D:5      | Found a glowing silver altar of Zin.
  5036 | D:5      | Found a snail-covered altar of Cheibriados.
  5116 | D:5      | Reached skill level 8 in Stealth
  5690 | D:5      | Found a shattered altar of Ashenzari.
  5700 | D:5      | Became a worshipper of Ashenzari the Shackled
  5894 | D:5      | Paralysed by a giant eyeball for 4 turns
  6065 | D:5      | Reached skill level 5 in Short Blades
  6382 | D:5      | Reached XP level 8. HP: 36/36 MP: 18/22
  7330 | D:6      | Reached skill level 5 in Spellcasting
  7432 | D:7      | Slain by an orange rat

Action                   |  1- 3 |  4- 6 |  7- 9 || total
-------------------------+-------+-------+-------++-------
Melee: Dagger            |   209 |   139 |   193 ||   541
 Fire: Blowgun           |       |       |     8 ||     8
Throw: Dart              |       |       |     1 ||     1
 Cast: Ensorcelled Hiber |    11 |    55 |    60 ||   126
       Corona            |     1 |       |       ||     1
       Confuse           |       |    15 |    17 ||    32
Evoke: Wand              |       |     1 |       ||     1
  Use: Potion            |       |    10 |     3 ||    13
       Scroll            |       |       |    12 ||    12
 Stab: Sleeping          |    13 |    54 |    39 ||   106
       Confused          |       |     3 |     4 ||     7
       Invisible         |       |       |     8 ||     8
